 Dungeon Crawl Stone Soup version 0.23-a0-290-g290e36d (webtiles) character file.

17087 michailiordanis the Basher (level 12, -5/73 HPs)
             Began as a Gargoyle Gladiator on Oct 4, 2018.
             Was a High Priest of Okawaru.
             Killed from afar by a wizard (25 damage)
             ... with a crystal spear
             ... on level 11 of the Dungeon.
             The game lasted 02:13:53 (13936 turns).

michailiordanis the Basher (Gargoyle Gladiator)    Turns: 13936, Time: 02:13:54

Health: -5/73      AC: 28    Str: 31    XL:     12   Next: 44%
Magic:  14/16      EV: 13    Int: 12    God:    Okawaru [*****.]
Gold:   550        SH:  0    Dex: 11    Spells: 10/11 levels left

rFire    . . .     SeeInvis .   n - +6 whip
rCold    + + +     Gourm    .   (no shield)
rNeg     + . .     Faith    .   N - +0 plate armour
rPois    ∞         Spirit   .   X - +1 helmet of Orghuiteoxt {rC+ Str+3 Int+3}
rElec    +         Reflect  .   P - scarf {rC+ rF+}
rCorr    .         Harm     .   (no gloves)
MR       .....                  L - +0 pair of boots
Stlth    ..........             (no amulet)
HPRegen  0.22/turn              j - +5 ring of strength
MPRegen  0.15/turn              a - ring of ice

@: heroism, hasted and slowed
A: negative energy resistance 1, electricity resistance, unbreathing,
petrification resistance, rot immunity, AC +8
a: Heroism, Finesse, Renounce Religion


You were on level 11 of the Dungeon.
You worshipped Okawaru.
Okawaru was extremely pleased with you.
You were not hungry.

You visited 2 branches of the dungeon, and saw 12 of its levels.
You also visited: Labyrinth.

You collected 550 gold pieces.

Inventory:

Hand Weapons
 l - a +0 blowgun
 n - a +6 whip (weapon)
 B - a +2 mace of holy wrath
Missiles
 d - 6 throwing nets (quivered)
 e - 394 stones
 o - 2 needles of sleeping
 s - 30 poisoned needles
 v - 4 tomahawks of returning
 G - 8 javelins
Armour
 L - a +0 pair of boots (worn)
 N - a +0 plate armour (worn)
 P - a scarf of resistance (worn)
 X - the +1 helmet of Orghuiteoxt (worn) {rC+ Str+3 Int+3}
   (You found it on level 10 of the Dungeon)

   It affects your strength (+3).
   It affects your intelligence (+3).
   It protects you from cold.
Magical Staves
 W - an uncursed staff of earth
Jewellery
 a - a ring of ice (right hand)
 j - a +5 ring of strength (left hand)
 u - an uncursed ring of flight
 I - an uncursed ring of see invisible
 T - an uncursed ring of resist corrosion
Wands
 b - a wand of clouds (9)
 r - a wand of polymorph (41)
 J - a wand of flame (53)
 M - a wand of iceblast (8)
 S - a wand of scattershot (4)
Scrolls
 g - 5 scrolls of remove curse
 h - 9 scrolls of teleportation
 i - a scroll of enchant weapon
 m - a scroll of magic mapping
 p - 3 scrolls of enchant armour {unknown}
 t - 3 scrolls of amnesia {unknown}
 x - 4 scrolls of immolation {unknown}
 y - 3 scrolls of noise {unknown}
 E - a scroll of blinking {unknown}
 F - 3 scrolls of fear {unknown}
 H - a scroll of brand weapon {unknown}
 U - a scroll of fog {unknown}
 Y - a scroll of vulnerability {unknown}
Potions
 c - 2 potions of mutation
 k - 2 potions of magic
 q - 2 potions of resistance
 w - 2 potions of invisibility
 z - 4 potions of curing
 A - 2 potions of flight {unknown}
 C - a potion of berserk rage
 D - 2 potions of ambrosia
 K - 2 potions of brilliance
 Q - a potion of might
 R - 3 potions of haste
Comestibles
 f - 16 rations


   Skills:
 + Level 7.7(12.7) Fighting
 * Level 10.5(15.5) Maces & Flails
 + Level 7.5(12.5) Throwing
 + Level 7.7(12.7) Armour
 + Level 6.6(11.6) Dodging
 + Level 6.8(11.8) Stealth
 + Level 5.6 Invocations
 + Level 4.9 Evocations


You had 10 spell levels left.
You knew the following spells:

 Your Spells              Type           Power        Failure   Level  Hunger
a - Summon Butterflies    Summ           #.......     88%         1    ##.....

Your spell library contained the following spells:

 Spells                   Type           Power        Failure   Level  Hunger
 Apportation              Tloc           #.....       88%         1    ##.....
 Beastly Appendage        Tmut           #.....       88%         1    ##.....
 Flame Tongue             Conj/Fire      #....        88%         1    ##.....
 Shock                    Conj/Air       #...         88%         1    ##.....
 Sticks to Snakes         Tmut           #.......     96%         2    ###....
 Swiftness                Chrm/Air       #.......     96%         2    ###....
 Throw Flame              Conj/Fire      #.....       96%         2    ###....
 Conjure Flame            Conj/Fire      #.......     99%         3    ####...
 Inner Flame              Hex/Fire       #.......     99%         3    ####...
 Lesser Beckoning         Tloc           #.........   99%         3    ####...
 Spider Form              Tmut/Pois      #.........   99%         3    ####...
 Static Discharge         Conj/Air       #.......     99%         3    ####...
 Tukima's Dance           Hex            #.......     99%         3    ####...
 Airstrike                Air            #.........   100%        4    #####..
 Ice Form                 Ice/Tmut       #.......     100%        4    #####..
 Sticky Flame             Conj/Fire      #.......     100%        4    #####..
 Alistair's Intoxication  Tmut/Pois      #.......     100%        5    ######.
 Blade Hands              Tmut           #.........   100%        5    ######.
 Bolt of Magma            Conj/Fire/Erth #.........   100%        5    ######.
 Fireball                 Conj/Fire      #.........   100%        5    ######.
 Iskenderun's Battlesphe  Conj/Chrm      #.......     100%        5    ######.
 Lightning Bolt           Conj/Air       #.........   100%        5    ######.
 Venom Bolt               Conj/Pois      #.........   100%        5    ######.
 Invisibility             Hex            #.......     100%        6    #######
 Iron Shot                Conj/Erth      #.........   100%        6    #######
 Orb of Destruction       Conj           #.........   100%        7    #######
 Spellforged Servitor     Conj/Summ      #.........   100%        7    #######


Dungeon Overview and Level Annotations

Branches:
Dungeon (11/15)            Temple (1/1) D:5            Lair (0/6) D:8
    Orc: D:9-12

Altars:
Ashenzari
Cheibriados
Dithmenos
Elyvilon
Fedhas
Gozag
Hepliaklqana
Kikubaaqudgha
Makhleb
Nemelex Xobeh
Okawaru
Qazlal
Ru
Sif Muna
Trog
Uskayaw
Vehumet
Wu Jian
Xom
Yredelemnul
Zin
The Shining One


Innate Abilities, Weirdness & Mutations

You are resistant to torment.
Your stone body is resilient. (AC +8)
You are immune to poison.
You resist negative energy. (rN+)
You are resistant to electric shocks. (rElec)
You can survive without breathing.
You are immune to petrification.
You are immune to rotting.


Message History

The two-headed ogre hits you but does no damage. x2
The scorpion stings you but does no damage.
You barely miss the wizard.
The wizard is severely wounded.
The wizard points at you and mumbles some strange words.
You feel yourself slow down.
An orc comes into view.
You gain the combat prowess of a mighty hero.
The orc shouts!
The wizard wildly gestures.
You feel troubled. The wizard hits you but does no damage.
The scorpion stings you.
The two-headed ogre hits you with a giant spiked club!
The two-headed ogre hits you with a giant spiked club.
* * * LOW HITPOINT WARNING * * *
The wizard hits you but does no damage. The scorpion misses you.
You feel yourself speed up.
The wizard points at you and mumbles some strange words.
The crystal spear hits you!
You die...

*,* #..# *,* #..# *** *,* #..#
,,******,** #..# ,,,,,,,*,.**
#..# ,,,,,,,,,..##** #..#
,,,,,,*,,.....** #..########
,,,,,***,......########..........
*,,,**,**......p@................
**,**,,,*#.....Os#.##############
,***,,,,,##......#.#
,,*,,,,,,,#......#.#
,,*,,,*,,.....#....#
,,*,,,**,§...##.o..#*
,,*,,,,**§..#*......*
,***,,,,*#.#*,....#.*
**,**,,,,***,,,,,,,,*


You could see a two-headed ogre, a wizard, a scorpion and an orc.

Vanquished Creatures
  Gastronok (D:8)
  A minotaur (Lab)
  Harold (D:8)
  A two-headed ogre (D:8)
  The ghost of Dissent the Gusty, a novice DEVM of Gozag (D:9)
  Pikel (D:5)
  2 ugly things
  Maurice (D:8)
  Joseph (D:7)
  3 trolls
  A hornet (D:7)
  Prince Ribbit (D:8)
  2 hippogriffs
  2 shadows (Lab)
  Eustachio (D:3)
  Sigmund (D:5)
  4 hogs (D:9)
  5 basilisks
  6 yaks
  A human (D:9)
  4 hungry ghosts (Lab)
  Edmund (D:5)
  A porcupine (D:8)
  Duvessa (D:7)
  A water moccasin (D:6)
  3 sky beasts
  2 ice beasts
  3 orc warriors
  A black bear (D:8)
  7 ogres
  2 necrophages
  A phantom (D:7)
  3 centaurs
  2 crocodiles
  A big kobold (D:9)
  9 bullfrogs
  A gnoll sergeant (D:9)
  Dowan (D:7)
  A wyvern zombie (D:7)
  2 scorpions
  4 killer bees (D:9)
  9 wights
  A howler monkey (D:4)
  5 crimson imps
  2 bullfrog zombies
  A jelly (D:9)
  2 centaur skeletons
  5 orc priests
  7 hounds
  Crazy Yiuf (D:3)
  Jessica (D:3)
  A bullfrog skeleton (D:6)
  Ijyb (D:5)
  4 iguanas
  Natasha (thrice) (D:3)
  10 orc wizards
  9 worker ants
  Terence (D:2)
  A worker ant zombie (D:10)
  Robin (D:3)
  4 gnolls (D:9)
  12 adders
  2 shadow imps
  An adder zombie (D:7)
  5 worms
  A dart slug (D:1)
  7 leopard geckos
  29 orcs
  2 giant cockroaches
  15 hobgoblins
  11 jackals
  13 kobolds
  6 quokkas
  3 ball pythons
  9 bats
  2 frilled lizards (D:1)
  14 goblins
  A quokka skeleton (D:5)
  10 rats
  A fungus (D:8)
  A plant (D:8)
302 creatures vanquished.

Vanquished Creatures (others)
  A slave (D:5)
  A centaur (D:5)
  A crimson imp (D:5)
  6 fungi (D:8)
  A plant (D:8)
10 creatures vanquished.

Grand Total: 312 creatures vanquished

Notes
Turn   | Place    | Note
-------+----------+-------------------------------------------
     0 | D:1      | michailiordanis the Gargoyle Gladiator began the quest for
                  | the Orb.
     0 | D:1      | Reached XP level 1. HP: 12/12 MP: 1/1
    40 | D:1      | Found a shattered altar of Ashenzari.
   298 | D:1      | Reached XP level 2. HP: 15/17 MP: 2/2
   821 | D:1      | Reached skill level 1 in Armour
  1127 | D:2      | Noticed Terence
  1141 | D:2      | Killed Terence
  1141 | D:2      | Reached XP level 3. HP: 16/22 MP: 3/3
  1177 | D:2      | Found a bloodstained altar of Trog.
  1424 | D:2      | Reached XP level 4. HP: 27/27 MP: 4/4
  1431 | D:2      | Reached skill level 4 in Maces & Flails
  1648 | D:2      | Found a deep blue altar of Sif Muna.
  1649 | D:2      | Found an ancient bone altar of Kikubaaqudgha.
  1658 | D:2      | Found a radiant altar of Vehumet.
  1673 | D:2      | Identified Sif Muna's Catalogue of Transformation
  2086 | D:3      | Found a runed door.
  2107 | D:3      | Noticed Natasha
  2120 | D:3      | Killed Natasha
  2120 | D:3      | Reached XP level 5. HP: 21/31 MP: 5/5
  2163 | D:3      | Found a burning altar of Makhleb.
  2195 | D:3      | Noticed Natasha
  2202 | D:3      | Killed Natasha
  2235 | D:3      | Noticed Natasha
  2243 | D:3      | Killed Natasha
  2543 | D:3      | Reached XP level 6. HP: 36/36 MP: 6/6
  2634 | D:3      | Noticed a hand axe
  2636 | D:3      | Noticed a dagger
  2645 | D:3      | Found a hide-covered altar of Uskayaw.
  2823 | D:3      | Noticed Jessica
  2833 | D:3      | Killed Jessica
  2903 | D:3      | Noticed Robin
  2945 | D:3      | Killed Robin
  3540 | D:3      | Noticed Crazy Yiuf
  3546 | D:3      | Killed Crazy Yiuf
  3582 | D:4      | Noticed Eustachio
  3592 | D:4      | Reached skill level 1 in Stealth
  3592 | D:4      | Reached XP level 7. HP: 41/41 MP: 7/7
  3636 | D:4      | Reached skill level 5 in Maces & Flails
  3700 | D:3      | Killed Eustachio
  3700 | D:3      | Reached skill level 1 in Evocations
  3897 | D:4      | Found a shattered altar of Ashenzari.
  4144 | D:4      | Reached XP level 8. HP: 44/46 MP: 9/9
  4239 | D:5      | Entered Level 5 of the Dungeon
  4344 | D:5      | Found a staircase to the Ecumenical Temple.
  4371 | Temple   | Entered the Ecumenical Temple
  4534 | D:5      | Noticed Sigmund
  4561 | D:5      | Killed Sigmund
  4702 | D:5      | Reached skill level 6 in Maces & Flails
  4799 | D:5      | Noticed Pikel
  4830 | D:5      | Killed Pikel
  4830 | D:5      | Reached skill level 5 in Throwing
  4830 | D:5      | Reached XP level 9. HP: 37/52 MP: 10/10
  4964 | D:5      | Reached skill level 5 in Armour
  5042 | D:5      | Noticed Ijyb
  5059 | D:5      | Killed Ijyb
  5085 | D:5      | Got a garnet-encrusted leather armour
  5096 | D:5      | Identified the +2 leather armour "Timn" {rC+ MR+ rCorr
                  | Str-2} (You found it on level 5 of the Dungeon)
  5139 | D:5      | Noticed Edmund
  5158 | D:5      | Killed Edmund
  5158 | D:5      | Reached skill level 7 in Maces & Flails
  5591 | D:6      | Found an iron altar of Okawaru.
  5635 | D:6      | Became a worshipper of Warmaster Okawaru
  5672 | D:6      | Got a polished leather armour
  5844 | D:6      | Reached skill level 5 in Fighting
  6057 | D:6      | Reached * piety under Okawaru
  6057 | D:6      | Reached skill level 5 in Dodging
  6068 | D:6      | Identified the cursed +0 leather armour "Huddig" {Str+4
                  | Int+4} (You found it on level 6 of the Dungeon)
  6461 | D:7      | Noticed Duvessa
  6466 | D:7      | Noticed Dowan
  6508 | D:7      | Killed Duvessa
  6508 | D:7      | Reached skill level 1 in Invocations
  6521 | D:7      | Killed Dowan
  6593 | D:7      | Noticed Joseph
  6751 | D:7      | Killed Joseph
  6751 | D:7      | Reached skill level 8 in Maces & Flails
  6751 | D:7      | Reached XP level 10. HP: 23/59 MP: 9/11
  7205 | D:7      | Reached ** piety under Okawaru
  7275 | D:7      | Found a white marble altar of Elyvilon.
  7512 | D:7      | Found an ornate altar of the Wu Jian Council.
  7629 | D:7      | Found a basalt altar of Yredelemnul.
  7823 | D:8      | Found a staircase to the Lair.
  7935 | D:8      | Noticed Gastronok
  7960 | D:8      | Killed Gastronok
  7960 | D:8      | Reached *** piety under Okawaru
  7960 | D:8      | Received a gift from Okawaru
  7960 | D:8      | Reached skill level 9 in Maces & Flails
  7960 | D:8      | Reached skill level 5 in Stealth
  7960 | D:8      | Reached XP level 11. HP: 50/65 MP: 11/13
  8055 | D:8      | Noticed Maurice
  8120 | D:8      | Killed Maurice
  8316 | D:8      | Noticed Harold
  8335 | D:8      | Killed Harold
  8532 | D:8      | Noticed Prince Ribbit
  8555 | D:8      | Killed Prince Ribbit
  8813 | D:9      | Found a large runed door.
  8817 | D:9      | Found a large runed door.
  8821 | D:9      | Noticed Dissent's ghost (novice DEVM)
  8993 | D:9      | Noticed a green ugly thing
  9003 | D:9      | Killed a green ugly thing
  9075 | D:9      | Reached **** piety under Okawaru
  9651 | D:9      | Noticed a two-headed ogre
  9715 | D:8      | Killed a two-headed ogre
 10306 | D:9      | Found a blossoming altar of Fedhas.
 10333 | D:9      | Got a fine long sword
 10334 | D:9      | Identified the +8 long sword of Enadwush {venom, MP+9} (You
                  | found it on level 9 of the Dungeon)
 10371 | D:9      | Found a snail-covered altar of Cheibriados.
 10479 | D:9      | Killed Dissent's ghost
 10672 | D:10     | Entered Level 10 of the Dungeon
 10696 | D:10     | Found a shimmering altar of Xom.
 10759 | D:10     | Reached skill level 10 in Maces & Flails
 10819 | D:9      | Reached skill level 5 in Invocations
 10819 | D:9      | Reached XP level 12. HP: 22/72 MP: 13/15
 11160 | D:10     | Got a scorched helmet
 11171 | D:10     | Identified the +1 helmet of Orghuiteoxt {rC+ Str+3 Int+3}
                  | (You found it on level 10 of the Dungeon)
 11324 | D:10     | Learned a level 1 spell: Summon Butterflies
 11770 | D:11     | Found a labyrinth entrance.
 11798 | Lab      | Entered a labyrinth
 12941 | Lab      | Reached ***** piety under Okawaru
 13705 | Lab      | Noticed a minotaur
 13734 | Lab      | Killed a minotaur
 13745 | Lab      | Got a crude lead ring
 13746 | Lab      | Got a crystal shortbow
 13761 | Lab      | Identified the ring "Bereocsejeo" {rElec rPois Int+4
                  | Stlth+} (You found it in a labyrinth)
 13762 | Lab      | Identified the cursed +1 shortbow of Tenacity {velocity,
                  | rN+ Int+5} (You found it in a labyrinth)
 13924 | D:11     | Noticed a two-headed ogre
 13936 | D:11     | Killed from afar by a wizard

Vault maps used:
D:1:      dpeg_arrival_signposts, ashenzari_altar_1
D:2:      grunt_temple_overflow_magic_moments, bloody_trog, first_ration,
          uniq_terence
D:3:      dancing_weapons_uskayaw, serial_bayou_lagoon_a, bloody_makhleb,
          uniq_natasha, uniq_jessica, uniq_robin, uniq_crazy_yiuf_cottage
D:4:      minmay_diamond_boxcup, overflow_temple_1_default, uniq_eustachio
D:5:      minmay_temple_entry_purple_smoke, uniq_edmund, uniq_ijyb,
          uniq_sigmund, uniq_pikel
D:6:      nicolae_overflow_crystal_walls
D:7:      kennysheep_ying_yang, overflow_temple_1_default, uniq_duvessa,
          uniq_joseph
D:8:      due_lair_maze_entry_diamond, uniq_prince_ribbit1, uniq_harold,
          uniq_maurice, uniq_gastronok
D:9:      slow_altar_2, ebering_ghost_disaster_area, grunt_livestock,
          fedhas_altar_1
D:10:     basic_altar
D:11:     minmay_smoke_and_mirrors, lab_entry_generic, uniq_fannar
Temple:   eino_wide_crystal_templ
Lab:      nicolae_lab_starburst, nicolae_lab_hexagon, nicolae_lab_blocks

Skill      XL: |  1  2  3  4  5  6  7  8  9 10 11 |
---------------+----------------------------------+-----
Throwing       | 2 3 4 5 6 7 |  7.5
Armour         | 1 2 3 4 5 6 7 |  7.7
Maces & Flails | 4 5 6 8 9 10 | 10.5
Fighting       | 3 4 5 6 7 |  7.7
Stealth        | 1 2 3 5 6 |  6.8
Evocations     | 1 2 3 4 |  4.9
Dodging        | 3 4 5 6 |  6.6
Invocations    | 1 3 5 |  5.6

Action                   |  1- 3 |  4- 6 |  7- 9 | 10-12 || total
-------------------------+-------+-------+-------+-------++-------
Melee: Flail             |    30 |       |       |   114 ||   144
       Whip              |    46 |   158 |   272 |   585 ||  1061
       Mace              |       |       |     8 |    60 ||    68
       Punch             |       |       |     1 |    10 ||    11
       Hand axe          |       |       |       |     7 ||     7
       Battleaxe         |       |       |       |     5 ||     5
 Fire: Blowgun           |       |       |       |    28 ||    28
Throw: Stone             |    58 |   136 |   135 |   115 ||   444
       Throwing net      |     3 |       |       |     2 ||     5
Invok: Heroism           |       |       |     1 |    19 ||    20
Evoke: Wand              |       |       |     4 |       ||     4
  Use: Scroll            |     1 |     1 |    10 |     8 ||    20
       Potion            |       |       |     1 |     2 ||     3
 Stab: Sleeping          |       |       |       |     1 ||     1
       Held in net/web   |       |       |       |     3 ||     3
  Eat: Chunk             |     2 |     4 |     9 |    17 ||    32
       Ration            |       |     1 |       |     5 ||     6
Armor: Leather armour    |    12 |       |    23 |    18 ||    53
       Ring mail         |    22 |    43 |   167 |   185 ||   417
       Chain mail        |       |    12 |       |       ||    12
       Robe              |       |    16 |       |       ||    16
       Plate armour      |       |       |       |   131 ||   131
       Skin              |       |       |       |     5 ||     5
Dodge: Dodged            |    48 |    82 |   221 |   375 ||   726

Table legend:
 A = Non-vault XP
 B = Vault XP
 C = Vault XP percentage of total XP
 D = Non-vault monster count
 E = Vault monster count
 F = Vault count percentage of total count
                 A         B        C        D         E       F
            +---------+---------+-------+---------+---------+-------
      Total |   13408 |   11003 |  45.1 |     241 |      60 |  19.9
            +---------+---------+-------+---------+---------+-------
        D:1 |      27 |       0 |   0.0 |      17 |       0 |   0.0
        D:2 |      59 |      32 |  35.2 |      29 |       1 |   3.3
        D:3 |     315 |     362 |  53.5 |      35 |      17 |  32.7
        D:4 |     261 |     166 |  38.9 |      12 |       6 |  33.3
        D:5 |     701 |    1065 |  60.3 |      11 |       4 |  26.7
        D:6 |     807 |       0 |   0.0 |      17 |       0 |   0.0
        D:7 |    1732 |     668 |  27.8 |      24 |       3 |  11.1
        D:8 |    1893 |    4960 |  72.4 |      23 |      12 |  34.3
        D:9 |    2744 |    1775 |  39.3 |      44 |       7 |  13.7
       D:10 |    2209 |       0 |   0.0 |      20 |       0 |   0.0
       D:11 |    1483 |       0 |   0.0 |       8 |       0 |   0.0
        Lab |    1177 |    1975 |  62.7 |       1 |      10 |  90.9
            +---------+---------+-------+---------+---------+-------
